 Dungeon Crawl Stone Soup version 0.28-a0-1033-g1a2f33fa85 (webtiles) character file.

Game seed: 12891798952645627616

23 meatgazer the Chopper (level 2, -9/27 HPs)
             Began as a Hill Orc Monk on Dec 7, 2021.
             Was a Priest of Lugonu.
             Mangled by Terence (10 damage)
             ... on level 2 of the Dungeon.
             The game lasted 00:01:18 (987 turns).

meatgazer the Chopper (Hill Orc Monk)                Turns: 987, Time: 00:01:19

Health: -9/27      AC:  2    Str: 13    XL:     2   Next: 95%
Magic:  2/2        EV: 12    Int: 10    God:    Lugonu [***...]
Gold:   14         SH:  0    Dex: 13    Spells: 0/1 levels left

rFire   + . .      SeeInvis .   a - +1 hand axe
rCold   + . .      Faith    +   (no shield)
rNeg    . . .      Spirit   .   b - +0 robe
rPois   +          Reflect  .   (no helmet)
rElec   +          Harm     .   (no cloak)
rCorr   +          Rampage  .   (no gloves)
Will    .....                   (no boots)
Stlth   ++........              c - amulet of faith
HPRegen 0.09/turn               (no ring)
MPRegen 0.08/turn               (no ring)

@: resistant
A: no striking features
a: Renounce Religion, Depart the Abyss, Bend Space, Banish


You were on level 2 of the Dungeon.
You worshipped Lugonu.
Lugonu was most pleased with you.
You visited 1 branch of the dungeon, and saw 2 of its levels.

You collected 14 gold pieces.

Inventory:

Hand Weapons
 a - a +1 hand axe (weapon)
Armour
 b - a +0 robe (worn)
Jewellery
 c - an amulet of faith (around neck)


   Skills:
 + Level 3.9 Fighting
 + Level 4.4 Axes
 - Level 2.6 Dodging
 - Level 1.6 Stealth
 + Level 0.5 Necromancy
 + Level 1.0 Invocations


You couldn't memorise any spells.
You knew the following spells:

 Your Spells              Type           Power      Damage    Failure   Level
a - Pain                  Necr           4%         1d4       30%         1

Your spell library contained the following spells:

 Spells                   Type           Power      Damage    Failure   Level
 Beastly Appendage        Tmut           0%         N/A       36%         1
 Agony                    Necr           1%         N/A       100%        5
 Excruciating Wounds      Necr           0%         N/A       100%        5


Dungeon Overview and Level Annotations

Branches:
Dungeon (2/15)

Altars:
Lugonu

Annotations:
D:2 Terence


Message History

Lugonu accepts your kill.
You feel sick.
Your Invocations skill increases to level 1!
You feel sick.
Terence hits you with a +8 mace of holy wrath!
* * * LOW HITPOINT WARNING * * *
You are too injured to fight recklessly!
You are too injured to fight recklessly!
You are too injured to fight recklessly!
You are too injured to fight recklessly!
You are too injured to fight recklessly!
You are too injured to fight recklessly!
You are too injured to fight recklessly!
You are too injured to fight recklessly!
You are too injured to fight recklessly!
You are too injured to fight recklessly!
You are too injured to fight recklessly!
You are too injured to fight recklessly!
You are too injured to fight recklessly!
You are too injured to fight recklessly!
You are too injured to fight recklessly!
You are too injured to fight recklessly!
You are too injured to fight recklessly!
You are too injured to fight recklessly!
You are too injured to fight recklessly!
You are too injured to fight recklessly!
You are too injured to fight recklessly!
You are too injured to fight recklessly!
You don't have enough magic capacity.
It was a potion of resistance.
You feel protected.
* * * LOW HITPOINT WARNING * * *
You feel sick. Terence barely misses you.
Okay, then.
You barely miss Terence.
* * * LOW HITPOINT WARNING * * *
You feel sick.
You are no longer poisoned.
Terence hits you with a +8 mace of holy wrath!
You die...

#.. #.# #.#
#.##.#..#
#...#...##
#.#......
#.##....
#@##.#.#
#.#@##.#.#######
#.†...........#
#......#.#####.
#.#######.# #.
#.# # #####.#
#...<.# #.#####


You could see Terence.

Vanquished Creatures
  An adder (D:2)
  3 goblins (D:1)
  3 hobgoblins (D:1)
  A quokka (D:1)
  A ball python (D:2)
  2 bats (D:1)
  A frilled lizard (D:1)
  A kobold (D:1)
  A rat (D:1)
14 creatures vanquished.

Vanquished Creatures (others)
  A fungus (D:1)
1 creature vanquished.

Grand Total: 15 creatures vanquished

Notes
Turn   | Place    | Note
-------+----------+-------------------------------------------
     0 | D:1      | meatgazer the Hill Orc Monk began the quest for the Orb.
     0 | D:1      | Reached XP level 1. HP: 19/19 MP: 1/1
    18 | D:1      | Found a faded altar of an unknown god.
    27 | D:1      | Got Plato's Disquisition on Transmigration
    28 | D:1      | Prayed at the altar of an unknown god.
    28 | D:1      | Became a worshipper of Lugonu the Unformed
    28 | D:1      | Reached * piety under Lugonu
    28 | D:1      | Reached ** piety under Lugonu
    28 | D:1      | Reached *** piety under Lugonu
   510 | D:1      | Reached XP level 2. HP: 26/27 MP: 2/2
   545 | D:1      | Learned a level 1 spell: Pain
   979 | D:2      | Noticed Terence
   985 | D:2      | Reached skill level 1 in Invocations
   987 | D:2      | HP: 1/27 [poisoned by an adder]
   987 | D:2      | Mangled by Terence

Illustrated notes

Levels and vault maps discovered:
D:1:      dpeg_arrival_round_b, layout_basic,
          shapermc_ecumenical_altar_rom_forum
D:2:      layout_loops_ring, minmay_tripent, uniq_terence, uniq_natasha

Skill      XL: |  1  2 |
---------------+-------+-----
Invocations    | 1 |  1.0
Fighting       | |  3.9
Axes           | |  4.4
Dodging        | |  2.6
Stealth        | |  1.6
Necromancy     | |  0.5

Action                   || total
-------------------------++-------
Melee: Hand axe          ||    49
  Use: Scroll            ||     1
       Potion            ||     1
 Stab: Sleeping          ||     2
Armor: Robe              ||     6
Dodge: Dodged            ||    45

Table legend: (Time is in decaauts)
 A = Elapsed time spent in this place.
 B = Non-inter-level travel time spent in this place.
 C = Inter-level travel time spent in this place.
 D = Time resting spent in this place.
 E = Time spent auto-exploring this place.
 F = Levels seen in this place.
 G = Mean time per level.
                   A        B        C        D        E       F      G
               +--------+--------+--------+--------+--------+-----+--------+
         Total |    991 |    901 |     90 |      0 |    760 |   2 |  495.5 |
       Dungeon |    991 |    901 |     90 |      0 |    760 |   2 |  495.5 |
               +--------+--------+--------+--------+--------+-----+--------+

Top non-repeatable levels by time:
     D:1: 968 daAuts
     D:2: 22 daAuts
